 Dungeon Crawl Stone Soup version 0.16-a0-2970-ge3807df (webtiles) character file.

57 Johnny the Grave Robber (level 3, 0/28 HPs)
             Began as a Demigod Necromancer on Dec 5, 2014.
             Slain by a gnoll
             ... wielding a +0 halberd
              (9 damage)
             ... on level 2 of the Dungeon.
             The game lasted 00:02:24 (1783 turns).

Johnny the Grave Robber (Demigod Necromancer)       Turns: 1783, Time: 00:02:24

Health: 0/28       AC:  2    Str: 11    XL:     3   Next: 50%
Magic:  3/8        EV: 13    Int: 19    God:
Gold:   44         SH:  0    Dex: 18    Spells: 1 memorised, 5 levels left

rFire  . . .     SeeInvis .     e - +0 short sword
rCold  . . .     Clarity  .     a - +0 robe
rNeg   . . .     SustAb   +     (no shield)
rPois  .         Gourm    .     (no helmet)
rElec  .         Spirit   .     (no cloak)
rCorr  .         Warding  .     (no gloves)
rMut   .         Stasis   .     (no boots)
MR     .....                    (no amulet)
Stlth  ++........               (no ring)
                                (no ring)

@: not resistant to hostile enchantments, unstealthy
A: sustain abilities
a: no special abilities


You were on level 2 of the Dungeon.
You were not hungry.

You visited 1 branch of the dungeon, and saw 2 of its levels.

You collected 44 gold pieces.

Inventory:

Hand weapons
 d - a +0 dagger
 e - a +0 short sword (weapon)
Armour
 a - a +0 robe (worn)
Scrolls
 g - a scroll of identify {unknown}
 h - a scroll of teleportation {unknown}
 j - a scroll of magic mapping {unknown}
Potions
 f - a potion of ambrosia {unknown}
Books
 b - a book of Necromancy

   Spells                             Type                      Level
   a - Pain                           Necromancy                   1
   b - Animate Skeleton               Necromancy                   1
   c - Vampiric Draining              Necromancy                   3
   d - Regeneration                   Charms/Necromancy            3
   e - Animate Dead                   Necromancy                   4
   f - Control Undead                 Necromancy                   4
Comestibles
 c - a bread ration
 i - 4 fruits


   Skills:
 * Level 1.3 Fighting
 + Level 1.0 Armour
 * Level 2.2 Dodging
 - Level 1.7 Stealth
 * Level 2.2 Spellcasting
 * Level 3.8 Necromancy


You had 5 spell levels left.
You knew the following spells:

 Your Spells              Type           Power        Failure   Level  Hunger
a - Pain                  Necr           ###.         4%          1    #......


Dungeon Overview and Level Annotations

Branches:
Dungeon (2/15)


Innate Abilities, Weirdness & Mutations

Your attributes are resistant to harm.


Message History

Aim: a gnoll, wielding a halberd (severely wounded)
The gnoll barely resists.
Casting: Pain
Confirm with . or Enter, or press ? or * to list all spells.
Aiming: Pain
Press: ? - help, Shift-Dir - straight line, f/p - gnoll
Aim: a gnoll, wielding a halberd (severely wounded)
The gnoll convulses in agony!
The gnoll closely misses you.
Casting: Pain
Confirm with . or Enter, or press ? or * to list all spells.
Aiming: Pain
Press: ? - help, Shift-Dir - straight line, f/p - gnoll
Aim: a gnoll, wielding a halberd (severely wounded)
The gnoll barely resists.
The gnoll hits you!
The gnoll hits you from afar with a halberd!
* * * LOW HITPOINT WARNING * * *
Your magical contamination has completely faded away.
The gnoll closely misses you.
The gnoll hits you from afar with a halberd!
You die...

......# #........<.####.####)##
......# #..#######.........#...
....#.#####..# #.#.##.##.#...
.##..........# #.##.#.##.#...
.#.#.........# #.##...#......
.............# #.##......#...
..#######.#..# #<#.#.##..#... #.#
#.#..#######.........#### #.#
#.#...g.@........##.## #.#
#.#...#.###.#..####.# #.#
#.....g.# #.#..####.# # #.#
###..g#####........># # #.#
#####...# #........#### ### #.#
#...##.####.##[#...######.. ..#
#..g...........#........<.#
#######.g.##.###..##.##..########
##.......##### # ##.# #


You could see 3 gnolls.

Vanquished Creatures
  3 adders (D:2)
  7 bats
  A giant cockroach (D:2)
  7 goblins
  4 hobgoblins (D:1)
  A giant newt (D:1)
  5 kobolds
  7 rats
35 creatures vanquished.

Notes
Turn   | Place    | Note
--------------------------------------------------------------
     0 | D:1      | Johnny, the Demigod Necromancer, began the quest for the Orb.
     0 | D:1      | Reached XP level 1. HP: 14/14 MP: 3/3
   511 | D:1      | Reached XP level 2. HP: 19/22 MP: 0/4
  1055 | D:1      | Reached skill level 1 in Fighting
  1308 | D:2      | Reached XP level 3. HP: 15/28 MP: 0/8
  1581 | D:2      | Reached skill level 1 in Armour
  1783 | D:2      | Slain by a gnoll

Action                   || total
-------------------------++-------
Melee: Unarmed           ||    10
       Short sword       ||    23
       Dagger            ||    12
 Cast: Pain              ||    52
 Stab: Sleeping          ||     1
  Eat: Chunk             ||     3
